 Dungeon Crawl Stone Soup version 0.16-a0-3661-g910cf96 (webtiles) character file.

34 Furman the Grave Robber (level 3, 0/28 HPs)
             Began as a Deep Dwarf Necromancer on Jan 17, 2015.
             Slain by a worm (8 damage)
             ... on level 2 of the Dungeon.
             The game lasted 00:04:35 (1584 turns).

Furman the Grave Robber (Deep Dwarf Necromancer)    Turns: 1584, Time: 00:04:36

Health: 0/28       AC:  2    Str: 11    XL:     3   Next: 14%
Magic:  1/5        EV: 12    Int: 16    God:
Gold:   33         SH:  0    Dex: 13    Spells: 2 memorised, 1 level left

rFire  + . .     SeeInvis .     (no weapon)
rCold  . . .     Clarity  .     a - +0 robe
rNeg   . . .     SustAb   .     (no shield)
rPois  .         Gourm    .     l - +0 hat
rElec  .         Spirit   .     (no cloak)
rCorr  .         Warding  .     (no gloves)
rMut   .         Stasis   .     (no boots)
MR     .....                    (no amulet)
Stlth  ++........               (no ring)
                                j - ring of protection from fire

@: non-regenerating, not resistant to hostile enchantments, unstealthy
A: damage resistance, recharge devices, sense surroundings 1, slow healing 3
a: Device Recharging


You were on level 2 of the Dungeon.
You were not hungry.

You visited 1 branch of the dungeon, and saw 2 of its levels.

You collected 33 gold pieces.

Inventory:

Armour
 a - a +0 robe (worn)
 l - a +0 hat (worn)
Jewellery
 j - a ring of protection from fire (left hand)
Magical devices
 c - a wand of heal wounds (5)
Scrolls
 e - a scroll of remove curse {unknown}
 f - a scroll of random uselessness {unknown}
 g - a scroll of fear {unknown}
 k - 2 scrolls of identify {unknown}
Potions
 h - a potion of invisibility {unknown}
 i - a potion of restore abilities {unknown}
Books
 b - a book of Necromancy

   Spells                             Type                      Level
   a - Pain                           Necromancy                   1
   b - Animate Skeleton               Necromancy                   1
   c - Vampiric Draining              Necromancy                   3
   d - Regeneration                   Charms/Necromancy            3
   e - Animate Dead                   Necromancy                   4
   f - Control Undead                 Necromancy                   4
Comestibles
 d - 2 bread rations


   Skills:
 - Level 2.1 Dodging
 - Level 2.4 Stealth
 - Level 1.7 Spellcasting
 + Level 5.5 Necromancy


You had one spell level left.
You knew the following spells:

 Your Spells              Type           Power        Failure   Level  Hunger
a - Pain                  Necr           ###.         1%          1    ##.....
b - Vampiric Draining     Necr           ###.......   8%          3    ####...


Dungeon Overview and Level Annotations

Branches:
Dungeon (2/15)

Altars:
Nemelex Xobeh


Innate Abilities, Weirdness & Mutations

You are resistant to damage.
You can recharge devices by infusing magical energy.
You passively map a small area around you.
You do not heal naturally.


Message History

You are too injured to fight recklessly!
You are too injured to fight recklessly!
You are too injured to fight recklessly!
You are too injured to fight recklessly!
You are too injured to fight recklessly!
You are too injured to fight recklessly!
You are too injured to fight recklessly!
You are too injured to fight recklessly!
You are too injured to fight recklessly!
You are too injured to fight recklessly!
You are too injured to fight recklessly!
You are too injured to fight recklessly!
You are too injured to fight recklessly!
You are too injured to fight recklessly!
You hit the worm.
The worm is heavily wounded.
You hit the worm.
The worm is heavily wounded.
The worm bites you!
You die...

, ., ,
...#########
,...#.......## ,
* #.........#
#.........#
##.......##
####..#####
###..@<## ,
#...w### *
#.#.## ,
####.#.#
...#####......#
###.......#..###
.....###....##
..w...)).####
..!....###


You could see a worm.

Vanquished Creatures
  A giant gecko (D:1)
  4 giant cockroaches (D:1)
  5 goblins
  7 hobgoblins
  3 kobolds (D:1)
  A ball python (D:1)
  3 bats (D:1)
  4 rats (D:1)
28 creatures vanquished.

Vanquished Creatures (others)
  A bat (D:1)
1 creature vanquished.

Grand Total: 29 creatures vanquished

Notes
Turn   | Place    | Note
--------------------------------------------------------------
     0 | D:1      | Furman, the Deep Dwarf Necromancer, began the quest for the Orb.
     0 | D:1      | Reached XP level 1. HP: 15/15 MP: 2/2
   318 | D:1      | Reached XP level 2. HP: 22/22 MP: 0/3
   527 | D:1      | Found a sparkling altar of Nemelex Xobeh.
   570 | D:1      | Reached skill level 5 in Necromancy
  1032 | D:1      | Reached XP level 3. HP: 19/28 MP: 1/5
  1157 | D:1      | Learned a level 3 spell: Vampiric Draining
  1584 | D:2      | Slain by a worm

Action                   || total
-------------------------++-------
Melee: Unarmed           ||    53
 Cast: Pain              ||    38
       Vampiric Draining ||     1
  Eat: Chunk             ||     1
       Bread ration      ||     1
